 Dungeon Crawl Stone Soup version 0.29.0-5-ge4962eb29e (webtiles) character file.

Game seed: 404742517836514573

168310 freelancePsychic the Warrior (level 18, -5/146 HPs)
             Began as a Djinni Fire Elementalist on Aug 29, 2022.
             Was the Champion of Elyvilon.
             Splashed by a brown very ugly thing's acid (8 damage)
             ... on level 15 of the Dungeon.
             The game lasted 01:02:56 (28793 turns).

freelancePsychic the Warrior (DjFE)                Turns: 28793, Time: 01:02:57

Health: -5/146     AC:  9    Str:  8    XL:     18   Next: 57%
Gold:   2231       EV: 17    Int: 38    God:    Elyvilon [******] SH: 14 Dex: 18

rFire   + + .      SeeInvis .   I - +9 long sword of Moral Flaws {vorpal, Will+ Str-4 Int+6 Dex+4}
rCold   . . .      Faith    .   H - +2 kite shield
rNeg    + . .      Spirit   .   S - +1 troll leather armour
rPois   ∞          Reflect  .   E - +2 helmet
rElec   .          Harm     .   J - +2 cloak
rCorr   .          Rampage  .   e - +1 pair of gloves
Will    ++...                   (boots unavailable)
Stlth   +++.......              a - amulet of regeneration
HPRegen 1.94/turn               U - ring of protection from cold
MPRegen 0.00/turn               T - ring of Truth {rN+ Str+5 Int+7 Slay-6}

@: about to teleport, corroded, flying, studying 2 skills
A: sickness immunity, fire resistance 2, cold vulnerability 1, float, innate
caster, HP casting, extra vitality 1
a: Renounce Religion, Purification, Heal Other, Heal Self, Divine Vigour


You were on level 15 of the Dungeon.
You worshipped Elyvilon.
Elyvilon was exalted by your worship.
You visited 6 branches of the dungeon, and saw 27 of its levels.
You also visited: Bailey and Gauntlet.

You collected 3389 gold pieces.
You spent 1158 gold pieces at shops.

Inventory:

Hand Weapons
 I - the +9 long sword of Moral Flaws (weapon) {vorpal, Will+ Str-4 Int+6 Dex+4}
   (You bought it in a shop on level 12 of the Dungeon)

   It inflicts extra damage upon your enemies.
   Str:       It affects your strength (-4).
   Int:       It affects your intelligence (+6).
   Dex:       It affects your dexterity (+4).
   Will:      It increases your willpower.
Armour
 e - a +1 pair of gloves (worn)
 x - a +0 buckler
 E - a +2 helmet (worn)
 H - a +2 kite shield (worn)
 J - a +2 cloak (worn)
 K - a +3 leather armour
 S - a +1 troll leather armour (worn)
Jewellery
 a - an amulet of regeneration (around neck)
 s - an amulet of faith
 N - a ring of resist corrosion
 P - a +6 ring of intelligence
 R - a +6 ring of dexterity
 T - the ring of Truth (right hand) {rN+ Str+5 Int+7 Slay-6}
   (You found it in a Gauntlet)

   [ring of positive energy]

   Str:       It affects your strength (+5).
   Int:       It affects your intelligence (+7).
   Slay:      It affects your accuracy & damage with ranged weapons and melee
   (-6).
   rN:        It protects you from negative energy.
 U - a ring of protection from cold (left hand)
 Y - a ring of positive energy
 Z - a ring of wizardry
Wands
 c - a wand of polymorph (14)
 t - a wand of light (6)
 C - a wand of digging (10)
 D - a wand of roots (17)
 L - a wand of charming (16)
 V - a wand of flame (4)
Scrolls
 d - 6 scrolls of magic mapping
 g - 2 scrolls of noise
 h - 8 scrolls of teleportation {@r4}
 l - a scroll of enchant armour
 m - 7 scrolls of enchant weapon
 n - 3 scrolls of torment
 p - 5 scrolls of vulnerability
 r - 2 scrolls of blinking
 u - 3 scrolls of immolation
 v - 9 scrolls of poison
 y - 6 scrolls of fog
 B - 3 scrolls of fear
 O - 2 scrolls of silence
Potions
 b - 6 potions of flight
 f - 4 potions of degeneration
 i - 6 potions of mutation
 j - 20 potions of curing {@q1}
 k - 2 potions of might
 o - a potion of resistance
 q - 2 potions of ambrosia
 w - a potion of magic {unknown}
 z - 8 potions of heal wounds {@q2}
 A - 7 potions of brilliance
 F - 3 potions of haste {@q3}
 G - 2 potions of invisibility
 M - 4 potions of lignification
 Q - 5 potions of attraction {unknown}
 W - 3 potions of berserk rage
 X - 5 potions of cancellation


   Skills:
 + Level 18.7 Fighting
 - Level 12.3 Dodging
 + Level 4.5 Stealth
 + Level 10.1 Shields
 + Level 15.7 Spellcasting
 - Level 12.2 Invocations


You had 5 spell levels left.
You knew the following spells:

 Your Spells              Type           Power      Damage    Failure   Level
a - Eringya's Noxious Bo  Tmut/Pois      49%        N/A       1%          6
b - Iron Shot             Conj/Erth      49%        9d9       1%          6
c - Inner Flame           Hex/Fire       99%        N/A       0%          3
d - Conjure Flame         Conj/Fire      99%        6-21      0%          3
e - Flame Wave            Conj/Fire      99%        2d21      1%          4
f - Yara's Violent Unrav  Hex/Tmut       49%        3d19      1%          5
g - Call Imp              Summ           99%        N/A       0%          2
h - Static Discharge      Conj/Air       99%        3-16/arc  0%          2
i - Teleport Other        Tloc           99%        N/A       0%          3
j - Sting                 Tmut/Pois      100%       1d8       0%          1
k - Agony                 Necr           99%        N/A       1%          5
l - Foxfire               Conj/Fire      100%       2x1d9     0%          1
m - Scorch                Fire           100%       2d10      0%          2
Your spell library was empty.

Dungeon Overview and Level Annotations

Branches:
Dungeon (15/15)            Temple (1/1) D:7            Lair (5/5) D:11
  Swamp (0/4) Lair:3        Snake (0/4) Lair:3        Slime (0/5) Lair:4
    Orc (2/2) D:10            Elf (3/3) Orc:2        Vaults (0/5) D:13
 Depths (1/4) D:15         Bailey (visited)         Gauntlet (visited)

Altars:
Ashenzari
Cheibriados
Dithmenos
Elyvilon
Fedhas
Gozag
Hepliaklqana
Okawaru
Qazlal
Trog
Uskayaw
Wu Jian
Xom
Yredelemnul
The Shining One
Jiyva
Lugonu

Shops:
D:5 =   D:7 (   D:10 !   D:12 *   D:13 [(*:!   Orc:1 :   Orc:2 :=((   Elf:1 =
Elf:2 [(

Portals:
Abyss: Lair:5
Trove: D:12 (give +3 shadow dragon scales)

Annotations:
D:4 Eustachio
D:11 1 runed translucent door, 12572944's ghost, journeyman HOFi
D:12 1 runed translucent door, trudenn's ghost, journeyman GrFi
Elf:2 5 runed translucent doors
Elf:3 Nikola


Innate Abilities, Weirdness & Mutations

You are immune to sickness and miasma.
You are immune to poison.
Your flesh is very heat resistant. (rF++)
You are vulnerable to cold. (rC-)
You float through the air rather than walking.
You learn spells naturally, not from books.
Your magical power is your life essence.
You have superior vitality. (+4 MHP)


Message History

Deactivating autopickup; reactivate with Ctrl-A.
A wave of flame ripples out!
The flame wave engulfs the brown very ugly thing!!
The brown very ugly thing is moderately wounded.
The flame wave engulfs the ettin!
The ettin is lightly wounded.
The flame wave engulfs the jiangshi!
The jiangshi is heavily damaged.
The flame wave engulfs the jiangshi but does no damage.
The jiangshi is moderately damaged.
The flame wave engulfs the brown ugly thing!!
The brown ugly thing is heavily wounded.
The flame wave engulfs the fire giant.
The fire giant resists.
The fire giant is lightly wounded.
You block the jiangshi's attack. x3
The jiangshi claws you but does no damage.
The brown very ugly thing bites you. The acid corrodes you!
You are splashed with acid.
The ettin closely misses you. You block the ettin's attack.
The brown very ugly thing closely misses you.
You block the ettin's attack.
The ettin hits you with a +0 dire flail!!
The fire giant hits you with a +1 great sword of flaming!
The fire giant burns you.
You fly upwards.
Welcome back to the Dungeon!
Reactivating autopickup.
There is a staircase to the Depths here.
As you read the scroll of teleportation {@r4}, it crumbles to dust.
You feel strangely unstable. The jiangshi claws you!!
* * * LOW HITPOINT WARNING * * *
The jiangshi claws you!
* * * LOW HITPOINT WARNING * * *
You block the jiangshi's attack. The jiangshi claws you!
* * * LOW HITPOINT WARNING * * *
The ettin hits you with a +0 dire flail!!
Elyvilon protects you from harm! The ettin misses you.
The brown very ugly thing bites you.
* * * LOW HITPOINT WARNING * * *
You are splashed with acid!
You die...

#...........#.##...........
##.####.##.###.#..#####..##
####.# #.#.## ##...# #..# #....#
#..## ####..### #..#
#.#############.......# #..##
#####.##≈≈.....).)#.#####.# #....
.......#≈.#≈≈≈###'#.# #.#####..
#####.##.....)#C.C#.# #........
#####..'.##≈..'u@.#.# #.##.####
.......#......#V.V#.#####.#..#
####...#≈.#≈≈≈###'#......)...#
#...#≈≈........#.<##.##...#
####...############..##.##.#.####
..))).....##...####.###.##.#.....
.###)...............# #.##.#...##
#.##...........###### #........))
##.#.#########.# #.......))#


You could see a brown very ugly thing, a fire giant, an ettin and 2 jiangshi.

Vanquished Creatures
  Rupert (D:13)
  2 deep elf blademasters (Elf:3)
  2 deep elf master archers (Elf:3)
  Agnes (D:14)
  A frost giant (D:15)
  A fenstrider witch (shapeshifter) (Lair:5)
  8 deep elf sorcerers
  4 deep elf elementalists (Elf:3)
  A very ugly thing (Depths:1)
  Nessos (D:13)
  8 deep elf demonologists
  Azrael (D:11)
  9 deep elf annihilators
  6 deep elf death magi
  5 deep elf high priests (Elf:3)
  4 hydras
  A catoblepas (Lair:1)
  An ogre mage (D:15)
  11 two-headed ogres
  An anaconda (shapeshifter) (Elf:2)
  11 dancing weapons
  5 centaur warriors
  2 tengu warriors (D:15)
  4 death yaks (Lair:5)
  A thrashing horror (Gauntlet)
  Urug (D:12)
  4 orc high priests
  Sonja (D:13)
  12 deep elf knights
  2 large abominations (Lair:5)
  14 skeletal warriors
  Lodul (D:12)
  15 deep elf archers
  6 orc knights
  2 bog bodies (Lair:3)
  2 wizards
  23 deep elf pyromancers
  A necromancer (Lair:4)
  18 deep elf zephyrmancers
  4 cyclopes
  12 ugly things
  6 orc sorcerers
  A manticore (D:15)
  8 black mambas
  Joseph (D:8)
  3 elephants (Lair:5)
  2 smoke demons (Lair:5)
  5 gargoyles
  8 cane toads
  An unseen horror (D:13)
  A kobold demonologist (D:14)
  2 rime drakes (Lair:5)
  A torpor snail (Lair:5)
  4 komodo dragons
  2 freezing wraiths
  An efreet (D:14)
  A tengu conjurer (Elf:1)
  A queen bee (shapeshifter) (D:13)
  4 red devils (Elf:1)
  2 polar bears
  7 trolls
  2 hornets
  An ancient zyme (Lair:5)
  Prince Ribbit (D:5)
  6 meliai (D:15)
  Grinder (D:5)
  13 blink frogs
  A dream sheep (shapeshifter) (Elf:1)
  2 dream sheep (Lair:5)
  A jumping spider (shapeshifter) (Lair:5)
  A vampire (D:11)
  An air elemental (Elf:2)
  Sigmund (D:6)
  2 ynoxinuls (Lair:5)
  3 water elementals
  4 fire bats (Gauntlet)
  A wraith (D:12)
  9 basilisks
  12 small abominations
  5 wyverns
  34 yaks
  6 fire elementals
  A chaos spawn (Lair:5)
  6 vampire mosquitoes
  6 wargs
  2 hell hounds (D:12)
  11 water moccasins
  31 orc warriors
  8 black bears
  A sky beast (D:7)
  An ice beast (D:7)
  11 ogres
  4 boggarts
  9 centaurs
  14 wolves
  A phantom (D:5)
  8 bullfrogs
  4 kobold brigands
  An earth elemental (Elf:1)
  3 necrophages
  2 gnoll sergeants
  5 scorpions
  13 wights
  13 killer bees
  2 howler monkeys
  An electric eel (Lair:1)
  A jelly (D:5)
  12 orc priests
  3 hounds
  6 iguanas
  19 orc wizards
  3 yak simulacra (Lair:4)
  4 polar bear simulacra (Lair:4)
  3 wolf simulacra (Lair:4)
  11 gnolls
  9 adders
  A white imp (D:8)
  An ufetubus (D:6)
  3 worms
  5 dart slugs
  82 orcs
  9 endoplasms
  4 giant cockroaches
  12 goblins
  7 hobgoblins
  2 jackals (D:2)
  3 quokkas
  10 ball pythons
  15 bats
  2 frilled lizards (D:1)
  19 kobolds
  5 rats
  A river rat simulacrum (Lair:4)
788 creatures vanquished.

Vanquished Creatures (collateral kills)
  A dancing weapon (Elf:1)
  An orc (Elf:1)
2 creatures vanquished.

Vanquished Creatures (others)
  A deep elf blademaster (Elf:3)
  A kobold (D:14)
  A bush (Lair:5)
  A butterfly (Lair:3)
  361 foxfires
  22 fungi
  22 plants
409 creatures vanquished.

Grand Total: 1199 creatures vanquished

Notes
Turn   | Place    | Note
-------+----------+-------------------------------------------
     0 | D:1      | freelancePsychic the Djinni Fire Elementalist began the
                  | quest for the Orb.
     0 | D:1      | freelancePsychic set off with the following spells
                  | memorised: Foxfire, Scorch, Conjure Flame, Inner Flame,
                  | Flame Wave.
     0 | D:1      | Reached XP level 1. HP: 15/15 MP: 0/0
    44 | D:1      | Found a faded altar of an unknown god.
   357 | D:1      | Reached XP level 2. HP: 20/22 MP: 0/0
   601 | D:1      | Reached skill level 1 in Fighting
   712 | D:1      | Reached XP level 3. HP: 12/27 MP: 0/0
   712 | D:1      | Learned a level 1 spell: Sting
  1285 | D:2      | Found a blossoming altar of Fedhas.
  1386 | D:2      | Noticed a scorpion
  1391 | D:2      | Killed a scorpion
  1392 | D:2      | Reached skill level 2 in Fighting
  1392 | D:2      | Reached XP level 4. HP: 14/33 MP: 0/0
  1777 | D:2      | Reached XP level 5. HP: 35/38 MP: 0/0
  1777 | D:2      | Learned a level 2 spell: Call Imp
  3342 | D:3      | Reached XP level 6. HP: 39/45 MP: 0/0
  3413 | D:3      | Found a white marble altar of Elyvilon.
  3416 | D:3      | Found an ornate altar of the Wu Jian Council.
  3419 | D:3      | Became a worshipper of Elyvilon the Healer
  3587 | D:3      | Reached skill level 3 in Fighting
  3873 | D:4      | Noticed Eustachio
  4011 | D:4      | Reached * piety under Elyvilon
  4011 | D:4      | You are sucked into a shaft and drop 2 floors!
  4197 | D:6      | Reached skill level 1 in Invocations
  4197 | D:6      | Reached XP level 7. HP: 38/50 MP: 0/0
  4197 | D:6      | Learned a level 2 spell: Static Discharge
  4529 | D:6      | Reached skill level 5 in Spellcasting
  4676 | D:6      | Found an opulent altar of Gozag.
  4769 | D:6      | Reached ** piety under Elyvilon
  4838 | D:6      | Reached skill level 4 in Fighting
  4894 | D:6      | Reached XP level 8. HP: 52/58 MP: 0/0
  4896 | D:5      | Entered Level 5 of the Dungeon
  4907 | D:5      | Noticed Grinder
  5018 | D:5      | Noticed Prince Ribbit
  5021 | D:5      | Killed Grinder
  5268 | D:5      | Killed Prince Ribbit
  5269 | D:5      | Reached skill level 5 in Fighting
  5576 | D:5      | Reached XP level 9. HP: 61/65 MP: 0/0
  5576 | D:5      | Learned a level 3 spell: Teleport Other
  6059 | D:4      | Found a snail-covered altar of Cheibriados.
  6126 | D:4      | Reached *** piety under Elyvilon
  6805 | D:5      | Found Okoshr Pehi's Jewellery Emporium.
  7336 | D:6      | Noticed Sigmund
  7342 | D:6      | Killed Sigmund
  7474 | D:6      | Reached **** piety under Elyvilon
  7937 | D:7      | Found a staircase to the Ecumenical Temple.
  7955 | Temple   | Entered the Ecumenical Temple
  8495 | D:7      | Reached skill level 6 in Fighting
  8495 | D:7      | Reached skill level 5 in Invocations
  8681 | D:7      | Found Suocipt's Antique Weapon Shop.
  8837 | D:8      | Found a flagged portal.
  8851 | Bailey   | Entered a bailey
  9022 | Bailey   | Reached XP level 10. HP: 59/72 MP: 0/0
  9456 | Bailey   | Noticed an orc knight
  9469 | Bailey   | Killed an orc knight
  9470 | Bailey   | Reached skill level 5 in Dodging
  9789 | D:8      | Reached skill level 7 in Fighting
  9789 | D:8      | Noticed Joseph
 10390 | D:8      | Reached skill level 8 in Fighting
 10518 | D:8      | Identified the +0 pair of boots of Melancholy {rElec rN+
                  | Will+ Int+2}
 10526 | D:8      | Noticed a two-headed ogre
 10531 | D:8      | Killed a two-headed ogre
 10561 | D:8      | Killed Joseph
 10562 | D:8      | Reached skill level 9 in Fighting
 10562 | D:8      | Reached XP level 11. HP: 47/84 MP: 0/0
 10562 | D:8      | Learned a level 5 spell: Yara's Violent Unravelling
 11501 | D:5      | Bought an amulet of regeneration for 420 gold pieces
 11607 | D:9      | Reached skill level 10 in Fighting
 12188 | D:10     | Entered Level 10 of the Dungeon
 12552 | D:10     | Reached ***** piety under Elyvilon
 12691 | D:10     | Found Jufudan's Distillery.
 12895 | D:10     | Found a staircase to the Orcish Mines.
 12902 | D:10     | Reached skill level 11 in Fighting
 13150 | D:11     | Noticed a purple ugly thing
 13200 | D:11     | Found a runed translucent door.
 13209 | D:11     | Noticed 12572944's ghost (journeyman HOFi)
 13209 | D:11     | Noticed a cyclops
 13322 | D:11     | Killed a cyclops
 13383 | D:11     | Noticed a boulder beetle
 13447 | D:11     | Found a staircase to the Lair.
 13457 | D:11     | Pacified a boulder beetle
 13458 | D:11     | Reached skill level 12 in Fighting
 13501 | D:11     | Reached XP level 12. HP: 88/95 MP: 0/0
 13511 | D:11     | Reached skill level 10 in Spellcasting
 13728 | D:11     | Noticed a two-headed ogre
 13733 | D:11     | Killed a two-headed ogre
 13987 | Lair:1   | Entered Level 1 of the Lair of Beasts
 14013 | Lair:1   | Reached skill level 13 in Fighting
 14147 | Lair:1   | Found a gate leading to a gauntlet.
 14156 | Gauntlet | Entered a Gauntlet
 14156 | Gauntlet | Found a transporter.
 14156 | Gauntlet | Found a transporter.
 14186 | Gauntlet | Found a transporter.
 14186 | Gauntlet | Found a transporter.
 14190 | Gauntlet | Noticed a fire crab
 14196 | Gauntlet | Found a transporter.
 14206 | Gauntlet | Found a transporter.
 14206 | Gauntlet | Found a transporter.
 14221 | Gauntlet | Noticed a thrashing horror
 14230 | Gauntlet | Found a transporter.
 14237 | Gauntlet | Found a transporter.
 14249 | Gauntlet | Found a transporter.
 14267 | Gauntlet | Found a transporter.
 14291 | Gauntlet | Found a transporter.
 14323 | Gauntlet | Reached ****** piety under Elyvilon
 14325 | Gauntlet | Found a transporter.
 14339 | Gauntlet | Found a transporter.
 14439 | Gauntlet | Found a transporter.
 14453 | Gauntlet | Found a transporter.
 14570 | Gauntlet | Reached skill level 14 in Fighting
 14664 | Gauntlet | Killed a thrashing horror
 14673 | Gauntlet | Identified the ring of Truth {rN+ Str+5 Int+7 Slay-6}
 14753 | Gauntlet | Identified the +7 flail "Etaweyka" {elec, MP+9 Int+5}
 14753 | Gauntlet | Identified the +0 kite shield "Sipuhej" {Dex+2}
 14753 | Gauntlet | Noticed a minotaur
 14763 | Gauntlet | HP: 1/120 [minotaur/the +7 flail "Etaweyka" {elec, MP+9
                  | Int+5} (13)]
 14768 | Gauntlet | Elyvilon protects you from harm!
 14768 | Gauntlet | HP: 6/120 [minotaur/silver javelin (5)]
 14877 | Lair:1   | Noticed a catoblepas
 14900 | Lair:1   | Killed a catoblepas
 15441 | Lair:2   | Reached XP level 13. HP: 93/106 MP: 0/0
 15441 | Lair:2   | Learned a level 5 spell: Agony
 15608 | Lair:2   | Found a snail-covered altar of Cheibriados.
 15630 | Lair:2   | Reached skill level 15 in Fighting
 15713 | Lair:2   | Noticed a four-headed hydra
 15722 | Lair:2   | Killed a four-headed hydra
 16335 | Lair:3   | Noticed an eight-headed hydra
 16338 | Lair:3   | Pacified an eight-headed hydra
 16339 | Lair:3   | Reached skill level 1 in Shields
 16462 | Lair:3   | Found a staircase to the Swamp.
 16755 | D:5      | Bought a ring of protection from cold for 350 gold pieces
 16963 | Lair:3   | Found a staircase to the Snake Pit.
 17893 | Lair:4   | Found a viscous altar of Jiyva.
 17893 | Lair:4   | Found a staircase to the Slime Pits.
 18183 | Lair:5   | Entered Level 5 of the Lair of Beasts
 18380 | Lair:5   | Reached skill level 16 in Fighting
 18380 | Lair:5   | Reached XP level 14. HP: 78/116 MP: 0/0
 18539 | Lair:5   | Reached skill level 5 in Shields
 19305 | Lair:5   | Noticed a fire giant
 19431 | Lair:5   | Found a corrupted altar of Lugonu.
 19432 | Lair:5   | Noticed a fenstrider witch
 19437 | Lair:5   | Killed a fenstrider witch
 19466 | Lair:5   | Found a one-way gate to the infinite horrors of the Abyss.
 19733 | Orc:1    | Entered Level 1 of the Orcish Mines
 20048 | Orc:1    | Found Noat's Book Shoppe.
 20257 | Orc:2    | Entered Level 2 of the Orcish Mines
 20269 | Orc:2    | Found a staircase to the Elven Halls.
 20742 | Orc:2    | Reached XP level 15. HP: 52/122 MP: 0/0
 20742 | Orc:2    | Learned a level 6 spell: Eringya's Noxious Bog
 20792 | Orc:2    | Found Lousaf's Book Boutique.
 20792 | Orc:2    | Found Xychucoi's Jewellery Emporium.
 20804 | Orc:2    | Found Zafovidd's Antique Weapon Boutique.
 20804 | Orc:2    | Found Teishu's Weapon Emporium.
 21116 | D:12     | Noticed Azrael
 21176 | D:11     | Killed Azrael
 21252 | D:12     | Noticed Lodul
 21259 | D:12     | Killed Lodul
 21409 | D:12     | Found a runed translucent door.
 21423 | D:12     | Noticed trudenn's ghost (journeyman GrFi)
 21446 | D:12     | Noticed Urug
 21452 | D:12     | Killed Urug
 21541 | D:12     | Found Iguenoko's Assorted Antiques.
 21549 | D:12     | Bought a fine long sword for 178 gold pieces
 21549 | D:12     | Identified the +9 long sword of Moral Flaws {vorpal, Will+
                  | Str-4 Int+6 Dex+4} (You bought it in a shop on level 12 of
                  | the Dungeon)
 21793 | D:12     | Found a portal to a secret trove of treasure.
 22172 | D:13     | Found Aleysaemu's Armour Shoppe.
 22176 | D:13     | Noticed Rupert
 22183 | D:13     | Killed Rupert
 22237 | D:13     | Found Mofozi's Assorted Antiques.
 22258 | D:13     | Bought 2 fizzy dark potions for 55 gold pieces
 22258 | D:13     | Bought a bubbling emerald potion for 27 gold pieces
 22316 | D:13     | Found Ziurufoa's Book Shop.
 22340 | D:13     | Noticed Nessos
 22352 | D:13     | Killed Nessos
 22491 | D:13     | Found Zoesmat's Distillery.
 22491 | D:13     | Noticed Sonja
 22497 | D:13     | Killed Sonja
 22503 | D:13     | Found a gate to the Vaults.
 22608 | D:13     | Bought a potion of cancellation for 128 gold pieces
 22757 | D:13     | Found Cemijofu's Weapon Boutique.
 23131 | D:14     | Noticed Agnes
 23137 | D:14     | Killed Agnes
 23458 | D:14     | Reached skill level 17 in Fighting
 23497 | D:14     | Reached XP level 16. HP: 99/130 MP: 0/0
 23501 | D:14     | Reached skill level 10 in Shields
 24094 | D:15     | Entered Level 15 of the Dungeon
 24134 | D:15     | Reached skill level 10 in Dodging
 24385 | D:15     | Noticed a frost giant
 24391 | D:15     | Killed a frost giant
 24420 | D:15     | Found a staircase to the Depths.
 25241 | Elf:1    | Entered Level 1 of the Elven Halls
 25348 | Elf:1    | Found Amouppoc's Jewellery Boutique.
 25553 | Elf:1    | Noticed a deep elf sorcerer
 25564 | Elf:1    | Killed a deep elf sorcerer
 26146 | Elf:1    | Reached XP level 17. HP: 132/138 MP: 0/0
 26146 | Elf:1    | Learned a level 6 spell: Iron Shot
 26418 | Elf:2    | Identified the +0 cloak of Kleptomania {Harm rCorr Dex+3}
 26425 | Elf:2    | Reached skill level 15 in Spellcasting
 26637 | Elf:2    | Noticed an Ice Fiend
 26646 | Elf:2    | Reached skill level 18 in Fighting
 26727 | Elf:2    | Found Eskecvaa's Antique Weapon Boutique.
 26732 | Elf:2    | Found Xauhaod's Armour Boutique.
 26894 | Elf:2    | Reached skill level 10 in Invocations
 27131 | Elf:2    | Found a huge runed translucent gate.
 27131 | Elf:2    | Found a huge runed translucent gate.
 27131 | Elf:2    | Found a huge runed translucent gate.
 27131 | Elf:2    | Found a huge runed translucent gate.
 27137 | Elf:2    | Found a huge runed translucent gate.
 27262 | Elf:3    | Entered Level 3 of the Elven Halls
 27403 | Elf:3    | Identified the +8 short sword "Busalora" {venom, rC- Int+5}
 27441 | Elf:3    | Noticed a Brimstone Fiend
 27476 | Elf:3    | Noticed a deep elf blademaster
 27483 | Elf:3    | Killed a deep elf blademaster
 27484 | Elf:3    | Reached XP level 18. HP: 78/146 MP: 0/0
 27560 | Elf:3    | Noticed an Executioner
 27657 | Elf:3    | Identified the +1 robe of the Moon {rCorr Slay+3}
 27657 | Elf:3    | Noticed a deep elf blademaster
 27666 | Elf:3    | Killed a deep elf blademaster
 27692 | Elf:3    | Noticed a deep elf master archer
 27707 | Elf:3    | Killed a deep elf master archer
 27806 | Elf:3    | Identified the +1 rapier "Ruiclo" {antimagic, rElec rPois
                  | rCorr}
 27808 | Elf:3    | Noticed a deep elf blademaster
 27811 | Elf:3    | Identified the +10 quarterstaff "Axedgh" {venom, Contam
                  | rElec Dex-4 SInv}
 27817 | Elf:3    | Killed a deep elf blademaster
 27942 | Elf:3    | Noticed a deep elf master archer
 27951 | Elf:3    | Killed a deep elf master archer
 28300 | Elf:3    | Noticed Nikola
 28779 | Depths:1 | Entered Level 1 of the Depths
 28793 | D:15     | HP: 6/146 [jiangshi[a vampire mage] (14)]
 28793 | D:15     | Elyvilon protects you from harm!
 28793 | D:15     | Splashed by a brown very ugly thing's acid

Illustrated notes

Levels and vault maps discovered:
D:1:      amcnicky_arrival_feature_with_door, layout_basic,
          basic_ecumenical_altar
D:2:      layout_loops_ring, basic_altar, guppyfry_early_orc_mine
D:3:      layout_basic, nicolae_overflow_squiral, serial_rivers,
          chequers_serial_rivers_room_b, chequers_serial_rivers_small_a,
          chequers_serial_rivers_small_b, chequers_serial_rivers_large_a,
          chequers_serial_rivers_micro_d
D:4:      layout_gridville, lemuel_round_altar, minmay_misc_feat_enclosed,
          uniq_eustachio
D:5:      layout_cave_pools, nicolae_sif_muna_little_library, serial_shops,
          kennysheep_little_box, st_stairs_9, lightli_minifort,
          uniq_prince_ribbit1, uniq_grinder
D:6:      layout_gridville, jmf_multi_god_temple, uniq_sigmund
D:7:      nicolae_cairo_tiling, layout_loops_corners, minmay_temple_entry_waves,
          serial_shops, kennysheep_mini_moat, chequers_arboretum,
          kennysheep_generic_room_11
D:8:      layout_basic, enter_bailey_3, minmay_chambers_of_fives, uniq_joseph
D:9:      layout_layer_cave
D:10:     layout_stronghold, minmay_orc_entry_guard_dogs, serial_shops,
          nicolae_lakefront_shop, serial_column_ruins, column_ruins_open_tiny,
          column_ruins_corridor_plus, column_ruins_open_small_water,
          column_ruins_columns_corner, column_ruins_open_tiny,
          column_ruins_corridor_corner, roderic_batcave
D:11:     layout_cave_pools, dpeg_oklobed_lair, ebering_ghost_reflecting_pool
D:12:     layout_stronghold, ebering_ghost_inner_flame,
          nicolae_trove_entry_diagonal, serial_shops, nicolae_shop_stone,
          uniq_azrael, uniq_lodul, uniq_urug
D:13:     layout_big_octagon, serial_shops, nicolae_shop_crystal,
          nicolae_shop_waterfront, nicolae_stop_n_shop_1,
          nicolae_shop_advertising_works [nicolae_subvault_shop_adworks], shop,
          uniq_sonja, uniq_nessos, uniq_rupert
D:14:     layout_basic, minmay_holes, uniq_agnes
D:15:     grunt_enter_depths_snipers, layout_loops_ring
Temple:   nicolae_temple_x_marks_the_god
Lair:1:   layout_hall_layers, gauntlet_entry_generic, beast_lair_carwin_7,
          serial_bayou_shore_b, infiniplex_staircase_pool
Lair:2:   layout_regular_city, basic_altar, lemuel_fruit_tree,
          lemuel_fruit_fields
Lair:3:   layout_regular_city, skrybe_swamp_entry_bodies, dummy_snake_entry,
          lemuel_fruit_fields
Lair:4:   layout_loops_ring, slime_entry_1, st_stairs_5, nicolae_lair_lil_pond,
          eino_house_with_fridge
Lair:5:   hellmonk_lair_end_abyssal_woods, layout_loops_ring,
          eino_small_chamber_without_monster
Orc:1:    layout_caves, basic_altar, serial_shops, shop
Orc:2:    grunt_orc_tribal_feast, layout_caves
Elf:1:    layout_loops_corners, serial_shops, shop, hangedman_elf_disciples,
          einodemon_armed_red_devil_minivault
Elf:2:    elven_hall_of_blades_hangedman_alternative [grunt_blade_entry_basic],
          layout_geoelf_octagon, minmay_shop_star, lemuel_upstairs_altar
Elf:3:    minmay_elf_hall_not_hex, layout_gridlike, serial_sigils,
          serial_sigils_hangedman_shear, serial_sigils_hangedman_writhe,
          serial_sigils_hangedman_clutch, serial_sigils_hangedman_scratch,
          serial_sigils_hangedman_confine, serial_sigils_hangedman_snap,
          uniq_nikola
Depths:1: layout_cave_pools, minmay_misc_feat_iff, grunt_metal_band,
          dancing_weapons_uskayaw, minmay_shoptagon

Skill      XL: |  1  2  3  4  5  6  7  8  9 10 11 12 13 14 15 16 17 18 |
---------------+-------------------------------------------------------+-----
Fighting       | 1 2 3 4 5 6 9 12 14 16 17 18 | 18.7
Spellcasting   | 3 4 5 6 7 8 9 10 12 13 14 15 | 15.7
Invocations    | 1 2 4 5 6 7 9 11 12 | 12.2
Dodging        | 4 5 6 8 9 11 12 | 12.3
Shields        | 4 7 9 10 | 10.1
Stealth        | 2 4 |  4.5

Action                   |  1- 3 |  4- 6 |  7- 9 | 10-12 | 13-15 | 16-18 || total
-------------------------+-------+-------+-------+-------+-------+-------++-------
Melee: Unarmed           |       |       |       |     1 |     5 |       ||     6
       Long sword        |       |       |       |       |     7 |     4 ||    11
 Cast: Foxfire           |    31 |    25 |    56 |    68 |    20 |       ||   200
       Scorch            |     5 |    66 |    72 |   143 |   286 |   105 ||   677
       Conjure Flame     |       |     1 |       |       |       |     1 ||     2
       Inner Flame       |       |     1 |    22 |    89 |   112 |    63 ||   287
       Static Discharge  |       |       |     1 |     4 |    13 |       ||    18
       Flame Wave        |       |       |       |     9 |    54 |    22 ||    85
       Yara's Violent Un |       |       |       |     7 |    22 |    49 ||    78
       Eringya's Noxious |       |       |       |       |     9 |     8 ||    17
       Teleport Other    |       |       |       |       |     1 |       ||     1
       Iron Shot         |       |       |       |       |       |   172 ||   172
Invok: Heal Self         |       |       |     1 |     7 |     7 |    13 ||    28
       Heal Other        |       |       |       |     1 |     7 |     3 ||    11
       Divine Vigour     |       |       |       |     1 |       |       ||     1
       Purification      |       |       |       |       |     1 |       ||     1
Evoke: Wand              |       |       |       |     1 |     7 |       ||     8
  Use: Scroll            |       |       |       |    15 |     9 |     7 ||    31
       Potion            |       |       |       |     1 |     1 |       ||     2
Armor: Robe              |     1 |     2 |     4 |     3 |       |       ||    10
       Leather armour    |       |       |       |    37 |    64 |       ||   101
       Troll leather arm |       |       |       |       |    56 |    29 ||    85
Dodge: Dodged            |     6 |     5 |    15 |    80 |   195 |    70 ||   371
Block: Buckler           |       |       |       |       |    53 |       ||    53
       Kite shield       |       |       |       |       |    49 |   137 ||   186
